 Dungeon Crawl Stone Soup version 0.25.1-2-g60ff931df9 (webtiles) character file.

Game seed: 3121665434196546613

3962 Almogavar the Archer (level 10, -11/86 HPs)
             Began as a Centaur Hunter on Sept 4, 2020.
             Was a Priest of Makhleb.
             Engulfed by Joseph's negative energy (30 damage)
             ... on level 8 of the Dungeon.
             The game lasted 00:40:46 (9432 turns).

Almogavar the Archer (Centaur Hunter)               Turns: 9432, Time: 00:40:46

Health: -11/86     AC:  5    Str: 17    XL:     10   Next: 2%
Magic:  10/10      EV: 10    Int: 10    God:    Makhleb [***...]
Gold:   518        SH:  0    Dex: 11    Spells: 9/9 levels left

rFire    . . .     SeeInvis .   b - +3 short sword
rCold    + . .     Gourm    .   (no shield)
rNeg     . . .     Faith    .   v - +1 leather armour {rC+}
rPois    .         Spirit   .   (no helmet)
rElec    .         Reflect  .   (no cloak)
rCorr    .         Harm     .   (no gloves)
MR       .....                  (no barding)
Stlth    +.........             u - amulet of regeneration
HPRegen  0.64/turn              (no ring)
MPRegen  0.12/turn              (no ring)

@: about to teleport, drained, very quick
A: large, hooves 3, deformed body, speed 2, tough skin 3
a: Minor Destruction, Lesser Servant of Makhleb, Renounce Religion


You were on level 8 of the Dungeon.
You worshipped Makhleb.
Makhleb was most pleased with you.
You were not hungry.

You visited 1 branch of the dungeon, and saw 8 of its levels.

You collected 518 gold pieces.

Inventory:

Hand Weapons
 a - a +1 shortbow
 b - a +3 short sword (weapon)
Missiles
 d - 82 arrows
Armour
 l - a +0 chain mail
 m - a cursed +0 scale mail
 t - a +0 ring mail
 v - a +1 leather armour of cold resistance (worn)
Jewellery
 u - an amulet of regeneration (around neck)
Wands
 c - a wand of flame (12)
 C - a wand of paralysis (8)
 E - a wand of clouds (7)
Scrolls
 g - a scroll of blinking
 h - a scroll of fear
 i - a scroll of remove curse
 j - 2 scrolls of fog
 o - 4 scrolls of amnesia
 p - 6 scrolls of teleportation
 s - a scroll of enchant armour
 w - a scroll of enchant weapon
 x - a scroll of summoning {unknown}
 y - 3 scrolls of silence
Potions
 e - a potion of haste {unknown}
 k - a potion of resistance {unknown}
 n - a potion of curing
 q - a potion of stabbing {unknown}
 r - 2 potions of brilliance
 z - a potion of heal wounds {unknown}
 A - a potion of mutation {unknown}
 B - a potion of invisibility {unknown}
 D - a potion of might
Comestibles
 f - 9 rations


   Skills:
 + Level 7.0(6.3) Fighting
 + Level 3.9(3.2) Short Blades
 + Level 13.8(12.9) Bows
 + Level 3.2(2.5) Armour
 + Level 3.2(2.5) Dodging
 - Level 0.4(0.0) Stealth


You had 9 spell levels left.
You didn't know any spells.
Your spell library was empty.

Dungeon Overview and Level Annotations

Branches:
Dungeon (8/15)             Temple (0/1) D:5
   Lair: D:8-11

Altars:
Ashenzari
Cheibriados
Gozag
Hepliaklqana
Makhleb
Nemelex Xobeh
Uskayaw
Wu Jian
Yredelemnul
Zin
The Shining One

Shops:
D:6 }   D:7 %

Annotations:
D:8 Joseph


Innate Abilities, Weirdness & Mutations

You have hooves in place of feet.
Armour fits poorly on your strangely shaped body.
You cover ground very quickly.
You have extremely tough skin. (AC +3)


Message History

You are too confused!
You are too confused!
You're too confused!
Unknown command.
Okay, then.
Joseph shoots a sling bullet.
The sling bullet hits you.
Joseph zaps a wand.
Joseph creates a blast of negative energy!
You are engulfed in negative energy.
You feel drained.
You feel less confused.
As you read the scroll of teleportation, it crumbles to dust.
You feel strangely unstable.
You are engulfed in negative energy.
You feel drained.
Joseph is engulfed in noxious fumes.
Joseph appears confused.
b - a +3 short sword (weapon)
You are engulfed in negative energy.
You feel drained.
* * * LOW HITPOINT WARNING * * *
You hit Joseph.
Joseph is moderately wounded.
You are engulfed in negative energy.
You feel drained.
You die...

#.# #.# #.#.........#
#.# #.# #...##.###..#
#.####.######.##.# #..#
#................###..#
######.#####.#.........
#☼# #...#####... #§##
#.#.# ##.. #§@##
#.#.######.. #@§(#
#.#.##...... ###+#
#.#.##......
#......####. #.#.##.#
#. #.#.##.# #.
#.#.##.####.
#...........
############


You could see Joseph (confused).

Vanquished Creatures
  A hippogriff (D:8)
  Sigmund (D:4)
  3 wyverns (D:8)
  A hungry ghost (D:7)
  A soldier ant (D:8)
  2 orc warriors
  2 ice beasts
  A phantom (D:5)
  A black bear (D:8)
  4 centaurs
  3 ogres
  2 bullfrogs
  A scorpion (D:6)
  4 wights (D:6)
  3 howler monkeys
  4 crimson imps
  A bullfrog zombie (D:5)
  3 centaur zombies
  3 jellies
  5 hounds
  4 orc wizards
  4 orc priests
  A gnoll shaman (D:6)
  An iguana (D:5)
  5 worker ants
  13 gnolls
  13 adders
  3 shadow imps
  An ooze (D:1)
  An adder skeleton (D:7)
  2 adder zombies
  4 worms
  3 dart slugs
  7 leopard geckos
  29 orcs
  6 giant cockroaches
  7 goblins
  5 hobgoblins
  20 jackals
  11 kobolds
  4 quokkas
  2 ball pythons
  8 bats
  5 frilled lizards
  A quokka skeleton (D:5)
  4 rats
  A plant (D:3)
211 creatures vanquished.

Notes
Turn   | Place    | Note
-------+----------+-------------------------------------------
     0 | D:1      | Almogavar the Centaur Hunter began the quest for the Orb.
     0 | D:1      | Reached XP level 1. HP: 17/17 MP: 1/1
   103 | D:1      | Reached XP level 2. HP: 24/24 MP: 2/2
   165 | D:1      | Reached skill level 6 in Bows
   595 | D:1      | Reached XP level 3. HP: 26/29 MP: 3/3
  1344 | D:2      | Reached XP level 4. HP: 14/36 MP: 4/4
  1708 | D:2      | Found a basalt altar of Yredelemnul.
  1710 | D:2      | Noticed a profane servitor
  2019 | D:2      | Found a glowing golden altar of the Shining One.
  2021 | D:2      | Noticed an angel
  2106 | D:2      | Reached skill level 7 in Bows
  2334 | D:3      | Found a hide-covered altar of Uskayaw.
  2334 | D:3      | Noticed a +0 dagger
  2335 | D:3      | Noticed a -1 dagger
  2407 | D:3      | Found a snail-covered altar of Cheibriados.
  2424 | D:3      | Reached skill level 1 in Armour
  2628 | D:3      | Reached skill level 1 in Short Blades
  2628 | D:3      | Reached XP level 5. HP: 33/42 MP: 5/5
  3361 | D:3      | Found a hazy altar of Hepliaklqana.
  3441 | D:3      | Reached skill level 8 in Bows
  3983 | D:4      | Reached XP level 6. HP: 38/50 MP: 6/6
  4053 | D:4      | Found an opulent altar of Gozag.
  4638 | D:4      | Noticed Sigmund
  5070 | D:4      | Killed Sigmund
  5070 | D:4      | Reached XP level 7. HP: 41/57 MP: 7/7
  5192 | D:5      | Entered Level 5 of the Dungeon
  5222 | D:5      | Found a sparkling altar of Nemelex Xobeh.
  5505 | D:5      | Reached skill level 9 in Bows
  5512 | D:5      | Found a glowing silver altar of Zin.
  5660 | D:5      | Found a burning altar of Makhleb.
  5673 | D:5      | Became a worshipper of Makhleb the Destroyer
  5732 | D:5      | Found a staircase to the Ecumenical Temple.
  6004 | D:6      | Reached skill level 10 in Bows
  6004 | D:6      | Reached XP level 8. HP: 49/67 MP: 8/8
  6149 | D:6      | Found Ocago's Gadget Emporium.
  6345 | D:5      | Reached * piety under Makhleb
  6598 | D:6      | Found an ornate altar of the Wu Jian Council.
  6638 | D:6      | Reached skill level 5 in Fighting
  6780 | D:6      | Reached skill level 11 in Bows
  7082 | D:6      | Reached ** piety under Makhleb
  7256 | D:6      | Reached XP level 9. HP: 75/75 MP: 9/9
  7441 | D:6      | Reached skill level 12 in Bows
  7553 | D:7      | Found a basalt altar of Yredelemnul.
  7685 | D:7      | Found Eruhug's Food Shoppe.
  8236 | D:7      | Reached skill level 13 in Bows
  8263 | D:7      | Reached *** piety under Makhleb
  9005 | D:8      | Found a shattered altar of Ashenzari.
  9045 | D:8      | Paralysed by a hornet for 3 turns
  9338 | D:8      | Reached XP level 10. HP: 86/86 MP: 10/10
  9415 | D:8      | Noticed Joseph
  9432 | D:8      | Engulfed by Joseph's negative energy

Illustrated notes

Levels and vault maps discovered:
D:1:      psy_arrival_fountain, layout_loops_ring
D:2:      layout_loops_cross, grunt_temple_overflow_holy_war
D:3:      layout_basic, dancing_weapons_uskayaw, kennysheep_slug_shrine,
          lemuel_round_altar, first_ration, lexackson_kobold_supper
D:4:      layout_loops_ring, grunt_gozag_breadcrumbs, uniq_sigmund
D:5:      layout_cave_pools, makhleb_heckhound_becter,
          nicolae_overflow_hidden_temple, old_standard_altar,
          minmay_temple_entry_waves
D:6:      minmay_diamond_boxcup, layout_rooms, lemuel_doored_altar,
          serial_shops, shop_statue, grunt_potential, uniq_duvessa
D:7:      layout_basic, basic_altar, st_stairs_1,
          nicolae_shop_scaring_up_business
D:8:      layout_loops_ring, nicolae_ashenzari_panopticon,
          gammafunk_temple_overflow_statue, hangedman_pestilent_swarm,
          nrook_pool_corridor, uniq_joseph

Skill      XL: |  1  2  3  4  5  6  7  8  9 |
---------------+----------------------------+-----
Bows           | 6 7 8 10 11 13 | 13.8
Armour         | 1 2 3 |  3.2
Short Blades   | 1 2 3 |  3.9
Fighting       | 3 4 5 7 |  7.0
Dodging        | 2 3 |  3.2
Stealth        | |  0.4

Action                   |  1- 3 |  4- 6 |  7- 9 | 10-12 || total
-------------------------+-------+-------+-------+-------++-------
Melee: Short sword       |    58 |   159 |   198 |     1 ||   416
       Kick              |    13 |    40 |    62 |       ||   115
 Fire: Shortbow          |    51 |   156 |   417 |     3 ||   627
  Use: Scroll            |     2 |     2 |     6 |     1 ||    11
       Potion            |       |       |     2 |       ||     2
  Eat: Chunk             |     1 |     6 |    10 |       ||    17
       Ration            |       |     1 |     1 |       ||     2
Armor: Leather armour    |    26 |    38 |    66 |       ||   130
Dodge: Dodged            |    41 |    63 |   134 |     2 ||   240
